Map: Acid Plant LE

Players

Nerchio - Winner!

  • Race: Zerg Zerg
  • Spawn Location: 11:00

NXZ

  • Race: Zerg Zerg
  • Spawn Location: 5:00

Event: WCS Valencia 2018

VOD

Have the link to the VOD?

Description

Time

  • Played on: July 12, 2018, 10:02 a.m.
  • Length: 8:46

All games in this series

Show
View Real Time Build Order
Export as new Build Order

Nerchio Zerg - Winner!

Build Orders: Hatch First 

Get SALT Encoding   

  12  0:00  Drone  
  13  0:12  Overlord  
  13  0:17  Drone  
  14  0:31  Drone x2  
  14  0:35  Drone  
  17  0:51  Hatchery  
  17  0:54  Drone  
  17  0:59  Drone  
  18  1:08  Extractor  
  17  1:13  Spawning Pool  
  17  1:16  Drone  
  17  1:19  Drone  
  18  1:28  Drone  
  19  1:39  Overlord  
  19  1:50  Drone  
  20  2:03  Zergling x4, Queen x2  
  20  2:07  Metabolic Boost  
  26  2:11  Drone  
  26  2:14  Drone  
  28  2:23  Drone  
  28  2:24  Drone  
  30  2:37  Hatchery  
  30  2:38  Drone  
  30  2:41  Zergling x2  
  31  2:54  Baneling Nest  
  31  2:55  Drone x3  
  33  2:59  Drone  
  33  3:04  Queen  
  36  3:19  Overlord x2  
  36  3:35  Overlord  
  36  3:38  Drone x5  
  36  3:41  Evolution Chamber  
  40  3:45  Baneling x2  
  40  3:46  Zergling x6  
  43  3:48  Zergling x4  
  43  3:49  Zergling x2  
  45  4:01  Drone  
  45  4:02  Drone x2  
  46  4:07  Zerg Missile Weapons Level 1  
  46  4:09  Drone x2  
  48  4:10  Drone  
  48  4:11  Drone x2  
  48  4:13  Drone x2  
  48  4:15  Drone  
  48  4:17  Zergling x2  
  55  4:20  Extractor  
  55  4:21  Drone x2  
  55  4:22  Drone  
  57  4:29  Roach Warren  
  57  4:31  Drone x2  
  57  4:39  Zergling x2  
  57  4:43  Drone  
  57  4:44  Drone x4  
  57  4:45  Drone  
  63  4:46  Drone x3  
  63  4:49  Drone  
  63  4:50  Overlord  
  66  4:53  Overlord  
  66  4:58  Extractor  
  66  4:59  Lair  
  65  5:02  Overlord  
  65  5:06  Drone  
  66  5:07  Extractor  
  66  5:08  Overlord  
  66  5:10  Drone x3  
  68  5:16  Drone x2  
  68  5:17  Drone x3  
  73  5:30  Hatchery  
  73  5:34  Roach x3  
  73  5:35  Drone x4  
  81  5:42  Overlord  
  81  5:44  Drone x2  
  81  5:45  Extractor, Drone  
  81  5:49  Roach x5  
  92  5:53  Pneumatized Carapace  
  92  5:56  Roach x2  
  96  5:59  Glial Reconstitution  
  96  6:02  Overlord  
  96  6:10  Zerg Missile Weapons Level 2  
  93  6:12  Overlord  
  93  6:14  Roach x5  
  93  6:16  Roach  
  105  6:18  Overlord  
  105  6:19  Overlord  
  105  6:22  Roach  
  105  6:23  Overseer  
  105  6:24  Roach  
  109  6:26  Roach  
  109  6:28  Roach  
  109  6:30  Overlord  
  109  6:32  Roach  
  115  6:34  Roach x2  
  115  6:36  Roach  
  121  6:40  Roach x3  
  121  6:42  Roach  
  121  6:43  Roach  
  121  6:46  Queen  
  131  6:50  Roach  
  128  6:55  Roach x3  
  128  6:58  Roach x2  
  128  7:00  Roach  
  138  7:02  Overlord  
  138  7:05  Roach x2  
  138  7:06  Overlord  
  134  7:13  Roach x3  
  140  7:16  Roach  
  140  7:18  Roach  
  140  7:19  Overlord  
  140  7:22  Roach  
  146  7:25  Roach  
  146  7:26  Roach  
  146  7:27  Overlord  
  146  7:29  Roach  
  151  7:30  Roach  
  151  7:32  Roach  
  151  7:34  Roach  
  151  7:36  Overlord, Roach  
  151  7:37  Overlord x2  
  159  7:39  Roach  
  159  7:40  Roach  
  159  7:41  Roach  
  159  7:43  Roach  
  167  7:46  Roach  
  167  7:47  Roach  
  167  7:49  Roach  
  167  7:50  Overlord  
  167  7:59  Roach x5  
  167  8:00  Roach  
  167  8:04  Roach  
  159  8:09  Roach x4  
  159  8:11  Roach  
  159  8:12  Roach  
  167  8:15  Roach  
  167  8:20  Roach x3  
  167  8:21  Roach  
  167  8:23  Roach  
  167  8:25  Roach  
Show
View Real Time Build Order
Export as new Build Order

NXZ Zerg 

Build Orders: Hatch First 

Get SALT Encoding   

  12  0:01  Drone  
  13  0:08  Drone  
  14  0:16  Overlord  
  14  0:22  Extractor  
  14  0:23  Drone  
  15  0:35  Drone x2  
  17  0:52  Hatchery  
  17  0:55  Drone  
  17  0:58  Drone  
  18  1:08  Extractor  
  17  1:12  Spawning Pool  
  17  1:16  Drone  
  17  1:19  Drone  
  18  1:27  Drone  
  19  1:37  Overlord  
  19  1:59  Zergling x4, Queen  
  23  2:03  Queen  
  23  2:04  Drone  
  23  2:08  Metabolic Boost  
  26  2:10  Drone  
  26  2:14  Drone  
  28  2:20  Drone  
  29  2:25  Drone  
  30  2:34  Drone  
  31  2:39  Hatchery  
  31  2:42  Drone  
  31  2:49  Baneling Nest  
  31  2:51  Drone  
  31  2:55  Overlord  
  31  2:58  Drone  
  31  3:01  Drone  
  31  3:04  Drone  
  34  3:12  Zergling x4  
  36  3:14  Zergling x2  
  36  3:15  Drone x2  
  36  3:17  Drone  
  36  3:19  Drone  
  41  3:21  Drone  
  41  3:26  Overlord  
  42  3:32  Queen  
  44  3:34  Baneling x2  
  44  3:47  Drone x7  
  52  3:48  Drone  
  52  3:52  Evolution Chamber  
  52  3:54  Drone  
  50  4:02  Drone x2  
  47  4:04  Drone  
  47  4:06  Drone  
  47  4:08  Drone  
  50  4:14  Zergling x6  
  53  4:17  Drone x2  
  53  4:20  Zerg Missile Weapons Level 1  
  55  4:24  Lair  
  55  4:28  Drone x3  
  58  4:32  Roach Warren  
  58  4:38  Overlord  
  55  4:55  Drone x3  
  55  4:56  Overlord x2  
  57  5:01  Overlord  
  57  5:02  Drone x3  
  57  5:03  Extractor, Drone x2  
  57  5:04  Drone  
  57  5:05  Extractor, Drone  
  62  5:10  Overlord  
  64  5:14  Roach x2  
  64  5:15  Roach  
  64  5:21  Overlord  
  68  5:22  Glial Reconstitution  
  68  5:25  Roach  
  68  5:27  Extractor x2  
  68  5:32  Drone x4  
  70  5:41  Roach x4  
  76  5:46  Queen  
  76  5:48  Roach  
  76  5:49  Roach x2  
  84  5:54  Overlord  
  84  5:57  Roach x2  
  84  5:58  Roach  
  84  6:01  Overlord  
  84  6:03  Roach  
  92  6:11  Drone x3  
  94  6:17  Zerg Missile Weapons Level 2  
  94  6:18  Overseer  
  94  6:26  Roach x4  
  94  6:29  Overlord x2  
  94  6:30  Roach  
  94  6:31  Roach  
  106  6:33  Roach  
  106  6:37  Unknown  
  106  6:39  Roach x3  
  114  6:52  Roach  
  114  6:53  Roach x6  
  124  6:58  Roach  
  124  6:59  Roach x2  
  130  7:07  Roach x3  
  129  7:08  Overlord x2  
  129  7:12  Overlord  
  129  7:29  Roach x9  
  145  7:33  Roach x2  
  149  7:37  Roach  
  149  7:38  Roach  
  149  7:42  Overlord x2  
  153  7:45  Overlord  
  153  7:47  Overlord  
  153  7:50  Overlord  
  147  8:03  Roach  
  147  8:04  Roach x6  
  129  8:17  Roach x6  
Tags
 
Add a new tag
Caveats
  • Supply blocks, unpowered buildings, or Contaminate may cause inaccurate times.
  • Supply counts are checked every 10 seconds.